 Dungeon Crawl Stone Soup version 0.31-a0-1598-g94871bc2e8 (webtiles) character file.

Game seed: 4718641681859248278

19354 gohu the Severer (level 12, -4/110 HPs)
             Began as a Hill Orc Fighter on Jan 7, 2024.
             Was an Elder of Beogh.
             Slain by a yak (12 damage)
             ... on level 1 of the Lair of Beasts.
             The game lasted 00:29:12 (12447 turns).

gohu the Severer (Hill Orc Fighter)                Turns: 12447, Time: 00:29:13

Health: -4/110     AC: 17    Str: 30    XL:     12   Next: 68%
Magic:  17/17      EV: 13    Int:  8    God:    Beogh [****..]
Gold:   815        SH:  5    Dex: 10    Spells: 11/11 levels left

rFire   . . .        F - +0 war axe of the Shrinking Goat {flame, SInv}
rCold   . . .        c - +0 buckler
rNeg    . . .        C - +0 plate armour
rPois   .            (no helmet)
rElec   .            v - +0 cloak
rCorr   .            (no gloves)
SInv    +            f - +0 pair of boots
Will    .....        I - amulet of the acrobat Stlth
                     D - +6 ring of strength
HPRegen 0.38/turn    w - +5 ring of evasion
MPRegen 0.15/turn

%: acrobat
@: frozen, studying Polearms, very slow
A: no striking features
a: Renounce Religion, Smiting, Recall Orcish Followers


You were on level 1 of the Lair of Beasts.
You worshipped Beogh.
Beogh was greatly pleased with you.
You visited 3 branches of the dungeon, and saw 14 of its levels.

You collected 815 gold pieces.

Inventory:

Hand Weapons
 a - a +1 war axe
 r - a +2 heavy war axe
 F - the +0 war axe of the Shrinking Goat (weapon) {flame, SInv}
   (You found it on level 7 of the Dungeon)

   SInv:      It lets you see invisible.
Missiles
 i - 17 boomerangs (quivered)
Armour
 b - a +0 scale mail
 c - a +0 buckler (worn)
 f - a +0 pair of boots (worn)
 v - a +0 cloak (worn)
 C - a +0 plate armour (worn)
 H - a +0 chain mail
Jewellery
 g - a ring of fire
 m - an amulet of magic regeneration
 n - a ring of poison resistance
 w - a +5 ring of evasion (right hand)
 x - a ring of magical power
 D - a +6 ring of strength (left hand)
 I - an amulet of the acrobat (around neck)
Wands
 q - a wand of roots (6)
 y - a wand of flame (30)
Scrolls
 h - 3 scrolls of blinking
 k - 3 scrolls of enchant weapon
 t - a scroll of immolation
 B - 4 scrolls of identify
 E - a scroll of poison
Potions
 d - 2 potions of might
 e - 2 potions of lignification
 j - a potion of ambrosia
 l - 2 potions of enlightenment
 o - 4 potions of cancellation
 p - 4 potions of curing
 s - 2 potions of magic
 u - 2 potions of haste
 z - 2 potions of brilliance
 A - 3 potions of mutation


   Skills:
 + Level 11.5 Fighting
 - Level 17.4 Axes
 + Level 3.0 Throwing
 + Level 10.4 Armour
 - Level 1.0 Dodging
 + Level 6.6 Shields
 * Level 7.7 Invocations


You had 11 spell levels left.
You didn't know any spells.
Your spell library contained the following spells:

 Spells                   Type           Power      Damage    Failure   Level
 Summon Small Mammal      Summ           0%         N/A       98%         1
 Cigotuvi's Dreadful Rot  Necr/Alch/Air  0%         N/A       99%         2
 Call Canine Familiar     Summ           0%         N/A       100%        3
 Gell's Gravitas          Tloc           0%         N/A       100%        3
 Teleport Other           Tloc           0%         N/A       100%        3
 Ignite Poison            Fire/Alch      0%         N/A       100%        4
 Summon Blazeheart Golem  Fire/Summ      0%         N/A       100%        4
 Freezing Cloud           Conj/Ice/Air   0%         6-21      100%        5
 Dispersal                Tloc           0%         N/A       100%        6


Dungeon Overview and Level Annotations

Branches:
Dungeon (12/15)            Temple (1/1) D:5            Lair (1/5) D:10
    Orc (0/2) D:10

Altars:
Ashenzari
Cheibriados
Dithmenos
Elyvilon
Fedhas
Gozag
Hepliaklqana
Kikubaaqudgha
Makhleb
Nemelex Xobeh
Okawaru
Qazlal
Ru
Sif Muna
Trog
Uskayaw
Vehumet
Wu Jian
Xom
Yredelemnul
Zin
The Shining One
Jiyva

Shops:
D:6 [   D:9 *

Annotations:
D:9 3 runed translucent doors, yokelz's ghost, journeyman FoHs
D:12 3 runed translucent doors, phunky83's ghost, journeyman FeSu


Message History

You kill the wolf!
Beogh accepts your kill.
You completely miss the wolf. You hit the yak but do no damage.
The wolf barely misses you. The rime drake misses your orc priest.
Your orc priest miscasts a cantrip.
The yak misses you. The wolf bites you.
* * * LOW HITPOINT WARNING * * *
You barely miss the wolf.
The wolf is severely wounded.
You slash the yak! You burn the yak. You barely miss the yak.
The cane toad closely misses your orc priest.
The rime drake barely misses your orc priest.
Your orc priest completely misses the rime drake.
The wolf bites you.
* * * LOW HITPOINT WARNING * * *
The yak closely misses you. x2; The yak gores your orc priest!
Your orc priest dies!
The rime drake hisses angrily.
You slash the wolf! You burn the wolf.
You kill the wolf!
Beogh accepts your kill.
You slash the yak! You burn the yak. You hit the yak but do no damage.
You hear a shout!
You slice the yak!! You burn the yak.
You kill the yak!
Beogh accepts your kill.
You hit the rime drake. You burn the rime drake. You hit the yak.
You burn the yak. The yak misses you. The rime drake breathes ice at you.
The icy flash freeze hits you!!
* * * LOW HITPOINT WARNING * * *
You are encased in ice.
You slash the rime drake! You burn the rime drake.
You kill the rime drake!
Beogh accepts your kill.
You closely miss the yak. The yak barely misses you.
You feel better.
The cane toad stings you but does no damage.
You block the yak's attack. The yak gores you!
You die...

..................
..................
......†............##
....................#
.......††...........
.........#†######..#
..####..)†## #..## . .
##..YF#######...#####P.
#....Y@................
##...Y.................
#....#####.##..........
......# ####..#####.#.
.......###### #.##
........P##P###.#
####............#
##............#
#.............###


You could see 3 yaks and a cane toad.

Vanquished Creatures
  2 two-headed ogres
  2 skeletal warriors
  A deep elf pyromancer (D:10)
  2 cyclopes
  A gargoyle (D:7)
  A cane toad (Lair:1)
  Maggie (D:10)
  A rime drake (Lair:1)
  2 unseen horrors
  A komodo dragon (Lair:1)
  4 trolls
  4 blink frogs (Lair:1)
  10 slime creatures
  A shadow (D:10)
  A wraith (D:9)
  2 wyverns (D:9)
  20 yaks
  2 steam dragons
  A basilisk (D:10)
  Edmund (D:5)
  Menkaure (D:4)
  An acid dragon (D:10)
  2 water moccasins
  4 orc warriors
  A black bear (D:6)
  An ogre (D:7)
  9 wolves
  3 centaurs
  2 phantoms
  3 kobold brigands
  4 bullfrogs
  2 gnoll sergeants (D:11)
  5 scorpions
  16 wights
  5 killer bees (D:9)
  2 electric eels (D:10)
  3 howler monkeys (D:9)
  8 jellies
  7 orc priests
  4 hounds
  2 sleepcaps
  6 iguanas
  10 orc wizards
  7 gnolls (D:11)
  8 adders
  A shadow imp (D:5)
  2 white imps (D:7)
  2 dart slugs
  35 orcs
  3 endoplasms
  A giant cockroach (D:2)
  6 goblins
  9 hobgoblins
  3 quokkas
  5 ball pythons
  4 bats
  5 frilled lizards
  16 kobolds
  2 rats
270 creatures vanquished.

Vanquished Creatures (collateral kills)
  Erolcha (D:10)
  A two-headed ogre (D:10)
  A centaur warrior (D:10)
  A blink frog (Lair:1)
  A jelly (D:10)
  An orc priest (D:10)
  3 orcs (D:10)
9 creatures vanquished.

Vanquished Creatures (others)
  An orc priest (Lair:1)
  2 orc warriors
  An orc wizard (D:10)
  10 orcs
14 creatures vanquished.

Grand Total: 293 creatures vanquished

Notes
Turn   | Place    | Note
-------+----------+-------------------------------------------
     0 | D:1      | gohu the Hill Orc Fighter began the quest for the Orb.
     0 | D:1      | Reached XP level 1. HP: 19/19 MP: 1/1
   125 | D:1      | Reached XP level 2. HP: 20/24 MP: 2/2
   167 | D:1      | Reached skill level 3 in Axes
   660 | D:1      | Found a faded altar of an unknown god.
   660 | D:1      | Noticed a tormentor
   768 | D:2      | Reached XP level 3. HP: 31/33 MP: 3/3
   997 | D:2      | Found a basalt altar of Yredelemnul.
  1598 | D:3      | Reached skill level 4 in Axes
  1610 | D:4      | Reached XP level 4. HP: 24/40 MP: 4/4
  2007 | D:3      | Reached XP level 5. HP: 36/46 MP: 5/5
  2059 | D:3      | Reached skill level 5 in Axes
  2086 | D:3      | Reached skill level 1 in Dodging
  2295 | D:4      | Noticed Menkaure
  2406 | D:4      | Found a sparkling altar of Nemelex Xobeh.
  2448 | D:5      | Entered Level 5 of the Dungeon
  2622 | D:5      | Noticed Edmund
  2630 | D:5      | Killed Edmund
  2631 | D:5      | Reached skill level 6 in Axes
  2631 | D:5      | Reached XP level 6. HP: 23/52 MP: 6/6
  2640 | D:5      | Reached skill level 5 in Armour
  2650 | D:5      | Reached skill level 7 in Axes
  2650 | D:5      | Reached XP level 7. HP: 10/60 MP: 7/7
  2866 | D:5      | Reached skill level 1 in Throwing
  2923 | D:5      | Found a white marble altar of Elyvilon.
  2929 | D:4      | Noticed a +0 dagger
  2929 | D:4      | Noticed a +0 hand axe
  3416 | D:5      | Found a staircase to the Ecumenical Temple.
  3421 | Temple   | Entered the Ecumenical Temple
  3639 | D:6      | Reached skill level 8 in Axes
  3677 | D:6      | Found Pichiuga's Armour Emporium.
  3702 | D:6      | Became a worshipper of Beogh the Brigand
  3738 | D:6      | Found a blossoming altar of Fedhas.
  3797 | D:7      | Reached XP level 8. HP: 17/67 MP: 8/8
  3800 | D:7      | HP: 2/67 [white imp/puff of frost (4)]
  4027 | D:6      | Reached skill level 9 in Axes
  4067 | D:6      | Found a sacrificial altar of Ru.
  4095 | D:6      | Found a broken altar of Ashenzari.
  4127 | D:6      | Reached skill level 5 in Fighting
  4190 | D:6      | Found a burning altar of Makhleb.
  4193 | D:6      | Noticed a cacodemon
  4200 | D:6      | Found a glowing silver altar of Zin.
  4200 | D:6      | Noticed an angel
  4231 | D:6      | Found an ancient bone altar of Kikubaaqudgha.
  4557 | D:7      | Reached skill level 10 in Axes
  4629 | D:8      | Noticed a yak
  4629 | D:8      | Noticed a yak
  4632 | D:8      | Noticed a yak
  4633 | D:8      | Noticed a yak
  4663 | D:7      | Killed a yak
  4726 | D:8      | Reached skill level 11 in Axes
  4873 | D:7      | Found a bloodstained altar of Trog.
  5013 | D:7      | Reached * piety under Beogh
  5046 | D:7      | Noticed a gargoyle
  5054 | D:7      | Noticed a troll
  5060 | D:7      | Killed a gargoyle
  5061 | D:7      | Reached skill level 12 in Axes
  5061 | D:7      | Reached XP level 9. HP: 48/75 MP: 9/9
  5068 | D:7      | Killed a troll
  5570 | D:7      | Killed an unseen horror
  5571 | D:7      | Reached skill level 13 in Axes
  5891 | D:7      | Identified the +0 war axe of the Shrinking Goat {flame,
                  | SInv}
  6009 | D:7      | Reached ** piety under Beogh
  6181 | D:8      | Reached skill level 14 in Axes
  6181 | D:8      | Reached XP level 10. HP: 77/84 MP: 10/10
  6806 | D:8      | Reached skill level 15 in Axes
  6966 | D:8      | Found an iron altar of Okawaru.
  7195 | D:4      | Killed Menkaure
  7199 | D:4      | Found a hide-covered altar of Uskayaw.
  7218 | D:4      | Found a hazy altar of Hepliaklqana.
  7874 | D:9      | Found a shadowy altar of Dithmenos.
  8064 | D:9      | Found a runed translucent gate.
  8065 | D:9      | Found a runed translucent gate.
  8065 | D:9      | Found a runed translucent gate.
  8066 | D:9      | Noticed yokelz's ghost (journeyman FoHs)
  8167 | D:9      | Reached skill level 5 in Shields
  8305 | D:9      | Found Nomeoff's CLEARANCE SALE!.
  8448 | D:9      | Reached skill level 1 in Invocations
  8652 | D:10     | Entered Level 10 of the Dungeon
  8656 | D:10     | Found a staircase to the Lair.
  8752 | D:9      | Reached *** piety under Beogh
  8778 | D:9      | Reached skill level 16 in Axes
  8996 | D:10     | Reached XP level 11. HP: 70/94 MP: 12/12
  9566 | D:10     | Found a staircase to the Orcish Mines.
  9712 | D:11     | Noticed a cyclops
  9714 | D:11     | Noticed a cyclops
  9723 | D:10     | Found a viscous altar of Jiyva.
  9773 | D:10     | Noticed Erolcha
  9781 | D:10     | Killed Erolcha
  9820 | D:10     | Noticed Maggie
  9826 | D:10     | Killed Maggie
  9826 | D:10     | Reached **** piety under Beogh
 10175 | D:10     | Found a shimmering altar of Xom.
 10237 | D:10     | Noticed a two-headed ogre
 10245 | D:10     | Killed a two-headed ogre
 10309 | D:10     | Killed a cyclops
 10317 | D:11     | Killed a cyclops
 10318 | D:11     | Reached skill level 17 in Axes
 10482 | D:11     | Noticed a skeletal warrior
 10483 | D:11     | Noticed a skeletal warrior
 10502 | D:12     | Noticed phunky83's ghost (journeyman FeSu)
 10502 | D:12     | Found a runed translucent gate.
 10502 | D:12     | Found a runed translucent gate.
 10502 | D:12     | Found a runed translucent gate.
 10509 | D:12     | Killed a skeletal warrior
 10516 | D:11     | Noticed a two-headed ogre
 10526 | D:11     | Killed a two-headed ogre
 10527 | D:11     | Reached skill level 5 in Invocations
 10974 | D:10     | Found an opulent altar of Gozag.
 11318 | D:11     | Killed a skeletal warrior
 11319 | D:11     | Reached skill level 10 in Fighting
 11319 | D:11     | Reached XP level 12. HP: 54/106 MP: 16/16
 12173 | D:10     | Noticed a two-headed ogre
 12173 | D:10     | Noticed a centaur warrior
 12179 | D:10     | Killed a centaur warrior
 12190 | D:10     | Killed a two-headed ogre
 12317 | Lair:1   | Entered Level 1 of the Lair of Beasts
 12407 | Lair:1   | Reached skill level 10 in Armour
 12445 | Lair:1   | HP: 1/110 [rime drake/icy flash freeze (21)]
 12447 | Lair:1   | Slain by a yak

Illustrated notes

Levels and vault maps discovered:
D:1:      dpeg_arrival_castle, layout_rooms,
          dreamdust_ecumenical_altar_sealed_demon, hex_intersection
D:2:      layout_loops_ring, basic_altar
D:3:      layout_basic
D:4:      layout_basic, dancing_weapons_uskayaw, mainiacjoe_overflow_boulevard,
          nicolae_hepliaklqana_hazy_memory, uniq_menkaure
D:5:      layout_rooms, mainiacjoe_overflow_alcove_1,
          minmay_temple_entry_nine_rooms, uniq_edmund
D:6:      layout_rooms, grunt_temple_overflow_order_and_chaos_2,
          evilmike_ruin_ashenzari, old_standard_altar,
          mainiacjoe_overflow_brackets, kennysheep_little_box, serial_shops,
          nicolae_shop_rolling_square
D:7:      layout_basic, lemuel_round_altar, kb_rosetta
D:8:      layout_rooms, mainiacjoe_overflow_alcove_4
D:9:      layout_basic, mainiacjoe_overflow_chevrons, ebering_ghost_rock_garden,
          nicolae_shop_clearance
D:10:     cheibrodos_barr_body, layout_basic, nicolae_overflow_hidden_temple,
          overflow_temple_1_default, erik_lair_island, hiddenorc2_lemuel,
          jiyva_altar_1, uniq_maggie, uniq_erolcha
D:11:     layout_cave_pods, portal_ice_cave_entry_animals_and_master
D:12:     minmay_blocking_statues, layout_stronghold, ebering_ghost_rock_garden,
          uniq_fannar, uniq_snorg
Temple:   hellmonk_temple_two_chambers
Lair:1:   layout_small_grid, uniq_joseph

Skill      XL: |  1  2  3  4  5  6  7  8  9 10 11 12 |
---------------+-------------------------------------+-----
Axes           | 3 4 6 7 8 12 14 16 17 | 17.4
Fighting       | 4 5 6 8 10 11 | 11.5
Armour         | 4 5 6 7 8 9 10 | 10.4
Dodging        | 1 |  1.0
Throwing       | 1 2 3 |  3.0
Shields        | 4 5 6 |  6.6
Invocations    | 2 5 7 |  7.7

Action                     |  1- 3 |  4- 6 |  7- 9 | 10-12 || total
---------------------------+-------+-------+-------+-------++-------
  Melee: War axe           |    97 |   106 |   257 |   527 ||   987
  Throw: Boomerang         |     3 |     5 |     9 |    21 ||    38
 Invoke: Convert to Beogh  |       |       |     1 |       ||     1
         Smiting           |       |       |       |     2 ||     2
         Recall Orcish Fol |       |       |       |     2 ||     2
  Evoke: Wand              |       |       |     2 |     1 ||     3
    Use: Potion            |       |     1 |     4 |     4 ||     9
         Scroll            |       |       |     7 |    11 ||    18
   Stab: Distracted        |       |       |       |     1 ||     1
 Armour: Scale mail        |    62 |    75 |   148 |    26 ||   311
         Skin              |       |       |    70 |       ||    70
         Chain mail        |       |       |       |    86 ||    86
         Plate armour      |       |       |       |   162 ||   162
  Dodge: Dodged            |    42 |    43 |   108 |   309 ||   502
  Block: Buckler           |    14 |    21 |    46 |    99 ||   180

Table legend: (Time is in decaauts)
 A = Elapsed time spent in this place.
 B = Non-inter-level travel time spent in this place.
 C = Inter-level travel time spent in this place.
 D = Time resting spent in this place.
 E = Time spent auto-exploring this place.
 F = Levels seen in this place.
 G = Mean time per level.
                   A        B        C        D        E       F      G
               +--------+--------+--------+--------+--------+-----+--------+
         Total |  12422 |  11886 |    536 |    636 |   8790 |  14 |  887.3 |
       Dungeon |  12285 |  11750 |    535 |    636 |   8724 |  12 | 1023.8 |
        Temple |     19 |     19 |      0 |      0 |      0 |   1 |   19.0 |
          Lair |    118 |    118 |      0 |      0 |     66 |   1 |  118.0 |
               +--------+--------+--------+--------+--------+-----+--------+

Top non-repeatable levels by time:
     D:7: 1872 daAuts
    D:10: 1801 daAuts
     D:9: 1636 daAuts
     D:5: 1202 daAuts
    D:11: 963 daAuts
     D:8: 927 daAuts
     D:6: 924 daAuts
     D:3: 855 daAuts
     D:1: 762 daAuts
     D:2: 756 daAuts
     D:4: 570 daAuts
  Lair:1: 118 daAuts
  Temple: 19 daAuts
    D:12: 11 daAuts
